 Dungeon Crawl Stone Soup version 0.29-a0-495-g17b79114eb (webtiles) character file.

Game seed: 8139448941950570229

30 xian the Skirmisher (level 3, 0/23 HPs)
             Began as a Demonspawn Chaos Knight on May 28, 2022.
             Was a Plaything of Xom.
             Slain by a kobold
             ... wielding a +0 whip
              (1 damage)
             ... on level 2 of the Dungeon.
             The game lasted 00:03:38 (902 turns).

xian the Skirmisher (Demonspawn Chaos Knight)        Turns: 902, Time: 00:03:39

Health: 0/23       AC:  5    Str: 14    XL:     3   Next: 3%
Magic:  3/3        EV: 11    Int: 13    God:    Xom [......]
Gold:   87         SH:  0    Dex: 12    Spells: 2/2 levels left

rFire   . . .      SeeInvis .   a - +0 falchion (chaos)
rCold   . . .      Faith    .   (no shield)
rNeg    . . .      Spirit   .   b - +2 leather armour
rPois   .          Reflect  .   k - +2 hat
rElec   .          Harm     .   (no cloak)
rCorr   .          Rampage  .   (no gloves)
Will    .....                   (no boots)
Stlth   +.........              (no amulet)
HPRegen 0.07/turn               e - ring of flight
MPRegen 0.08/turn               (no ring)

@: flying
A: horns 1, deformed body, frail 2
a: Renounce Religion


You were on level 2 of the Dungeon.
You worshipped Xom.
You were a very special plaything of Xom.
You visited 1 branch of the dungeon, and saw 2 of its levels.

You collected 87 gold pieces.

Inventory:

Hand Weapons
 a - a +0 falchion of chaos (weapon)
Armour
 b - a +2 leather armour (worn)
 k - a +2 hat (worn)
 n - a +0 chain mail
Jewellery
 e - a ring of flight (left hand)
Scrolls
 d - 2 scrolls of enchant weapon {unknown}
 f - 2 scrolls of immolation
 g - a scroll of identify {unknown}
 h - 3 scrolls of teleportation {unknown}
 i - a scroll of blinking {unknown}
 j - a scroll of fog {unknown}
 m - a scroll of brand weapon {unknown}
Potions
 l - a potion of lignification {unknown}
Miscellaneous
 c - a piece from Xom's chessboard (8/15) (quivered)


   Skills:
 + Level 3.5 Fighting
 + Level 3.2 Long Blades
 + Level 2.0 Armour
 + Level 1.0 Dodging


You had 2 spell levels left.
You didn't know any spells.
Your spell library contained the following spells:

 Spells                   Type           Power      Damage    Failure   Level
 Fireball                 Conj/Fire      0%         3d3       100%        5
 Iskenderun's Battlesphe  Conj           0%         2d6       100%        5
 Conjure Ball Lightning   Conj/Air       0%         3x3d6     100%        6
 Orb of Destruction       Conj           0%         9d5       100%        7


Dungeon Overview and Level Annotations

Branches:
Dungeon (2/15)

Altars:


Innate Abilities, Weirdness & Mutations

You have a pair of small horns on your head.
Armour fits poorly on your strangely shaped body.
You are very frail. (-20% HP)


Message History

Okay, then.
You start removing your armour.
You continue taking off your +0 chain mail. x4
You finish taking off your +0 chain mail.
You start putting on your armour.
You continue putting on your +2 leather armour. x5
You finish putting on your +2 leather armour.
Found a hunting sling.
Found a stone staircase leading up.
Found a runed dagger.
f - 2 scrolls of immolation (gained 1)
A kobold comes into view. It is wielding a +0 whip.
The kobold shouts!
A giant cockroach comes into view.
The kobold moves out of view.
The kobold hits you with a +0 whip.
You make a move on Xom's chessboard...
The giant cockroach seems to slow down.
The kobold hits you with a +0 whip.
You make a move on Xom's chessboard...
The kobold flickers and vanishes!
Deactivating autopickup; reactivate with Ctrl-A.
Something completely misses you.
You make a move on Xom's chessboard...
The giant cockroach twists and deforms.
Something hits you.
You make a move on Xom's chessboard...
The giant cockroach is outlined in light.
Something hits you.
You make a move on Xom's chessboard...
The giant cockroach struggles to resist.
Something barely misses you.
You closely miss something. Something hits you but does no damage.
You hit something. You burn something. Your headbutt misses something.
Something hits you.
* * * LOW HITPOINT WARNING * * *
You miss something. Something hits you.
* * * LOW HITPOINT WARNING * * *
You closely miss something. Something hits you but does no damage.
You completely miss something. Something barely misses you.
You completely miss something. Something hits you.
You die... "It was about time."

#. #..# #.# #.##
#..# #.#
...##..###.#
#).#......#
#.#.###..# #...#
#..# #..## #.)#
####.<####..#..#
#.....##@{B.....
#........#....##
#.....#####..##
#####.# ... #.#
### #.. ###. ..
.


You could see a giant cockroach (slow, misshapen, corona).

Vanquished Creatures
  5 hobgoblins (D:1)
  3 jackals (D:1)
  4 kobolds (D:1)
  4 bats (D:1)
  A frilled lizard (D:1)
  4 goblins (D:1)
  7 rats (D:1)
28 creatures vanquished.

Notes
Turn   | Place    | Note
-------+----------+-------------------------------------------
     0 | D:1      | xian the Demonspawn Chaos Knight began the quest for the
                  | Orb.
     0 | D:1      | Reached XP level 1. HP: 18/18 MP: 1/1
    20 | D:1      | XOM: silly message
   140 | D:1      | Gained mutation: You have a pair of small horns on your
                  | head. [demonic ancestry]
   140 | D:1      | Reached XP level 2. HP: 19/24 MP: 2/2
   213 | D:1      | Found a faded altar of an unknown god.
   515 | D:1      | Reached skill level 1 in Dodging
   688 | D:1      | Reached XP level 3. HP: 26/29 MP: 3/3
   808 | D:1      | XOM: give mutations
   808 | D:1      | Gained mutation: Armour fits poorly on your strangely
                  | shaped body. [Xom's mischief]
   808 | D:1      | Gained mutation: You are frail. (-10% HP) [Xom's mischief]
   808 | D:1      | Gained mutation: You are very frail. (-20% HP) [Xom's
                  | mischief]
   899 | D:2      | HP: 1/23 [something (4)]
   902 | D:2      | Slain by a kobold

Illustrated notes

Levels and vault maps discovered:
D:1:      lightli_arrival_boilingwater, layout_rooms,
          hellmonk_ecumenical_altar_blasted
D:2:      layout_rooms

Skill      XL: |  1  2 |
---------------+-------+-----
Long Blades    | 3 |  3.2
Armour         | 2 |  2.0
Dodging        | 1 |  1.0
Fighting       | |  3.5

Action                   || total
-------------------------++-------
Melee: Falchion          ||    77
       Headbutt          ||     5
Evoke: Piece from Xom's  ||     7
Armor: Leather armour    ||    57
Dodge: Dodged            ||    66

Table legend: (Time is in decaauts)
 A = Elapsed time spent in this place.
 B = Non-inter-level travel time spent in this place.
 C = Inter-level travel time spent in this place.
 D = Time resting spent in this place.
 E = Time spent auto-exploring this place.
 F = Levels seen in this place.
 G = Mean time per level.
                   A        B        C        D        E       F      G
               +--------+--------+--------+--------+--------+-----+--------+
         Total |    928 |    928 |      0 |      0 |    485 |   2 |  464.0 |
       Dungeon |    928 |    928 |      0 |      0 |    485 |   2 |  464.0 |
               +--------+--------+--------+--------+--------+-----+--------+

Top non-repeatable levels by time:
     D:1: 842 daAuts
     D:2: 86 daAuts
